[Event "*** SCC Grand Prix: Titled Tuesday Blitz"]
[Site "Chess.com"]
[Date "2020.07.21"]
[Round "1"]
[White "DenisQ"]
[Black "Falia-p"]
[Result "1/2-1/2"]
[WhiteElo "2626"]
[BlackElo "2305"]
[TimeControl "180+1"]
[EndTime "10:08:06 PDT"]
[Termination "Game drawn by repetition"]

1. Nf3 d5 2. c4 d4 3. e3 Nc6 4. exd4 Nxd4 5. Nxd4 Qxd4 6. Nc3 c6 7. d3 Bf5 8. Be3 Qd7 9. d4 e6 10. Be2 Nf6 11. O-O Be7 12. h3 O-O 13. Qb3 a5 14. Rfd1 Rfd8 15. Bf3 h6 16. d5 exd5 17. cxd5 cxd5 18. Nxd5 Nxd5 19. Bxd5 Be6 20. Bxe6 Qxe6 21.
Qxb7 Rdb8 22. Qf3 Bf6 23. Bd4 Bxd4 24. Rxd4 Ra7 25. b3 Rc7 26. Rad1 Rbc8 27. Rd8+ Rxd8 28. Rxd8+ Kh7 29. Qd3+ f5 30. g4 Rc1+ 31. Kg2 Qc6+ 32. Qd5 fxg4 33. hxg4 Qxd5+ 34. Rxd5 a4 35. bxa4 Rc4 36.
Kg3 Rxa4 37. Rd2 g5 38. f3 Kg6 39. Kf2 Ra3 40. Ke2 Kf6 41. Rd6+ Ke5 42. Rd2 Kf4 43.
Rd4+ Kg3 44. Rd3 Rxa2+ 45. Ke3 Ra1 46. Ke4 Re1+ 47. Kf5 Rf1 48. Ke4 Rf2 49. Rc3 Re2+ 50. Kf5 Rf2 51. Ke4 Kg2 52. Rd3 Re2+ 53. Kf5 Rf2 54. Ke4 Re2+ 55. Kf5 Rf2 56. Ke4 1/2-1/2

[Event "*** SCC Grand Prix: Titled Tuesday Blitz"]
[Site "Chess.com"]
[Date "2020.07.21"]
[Round "1"]
[White "shineatchess"]
[Black "Azatic"]
[Result "1-0"]
[WhiteElo "2206"]
[BlackElo "2551"]
[TimeControl "180+1"]
[EndTime "10:08:07 PDT"]
[Termination "shineatchess won by checkmate"]

1. d4 Nf6 2. c4 g6 3. Nc3 Bg7 4. e4 d6 5. Nf3 O-O 6. Be2 e5 7. Be3 Na6 8. d5 Nc5 9. Qc2 a5 10. O-O Nh5 11. Nd2 Nf4 12. Bf3 f5 13. Rfd1 Qh4 14.
Nf1 fxe4 15. Nxe4 Nxe4 16. Bxe4 Bf5 17. Ng3 Bxe4 18. Nxe4 Rf7 19. Kh1 Qh5 20. Ng3 Qg4 21. f3 Qh4 22. c5 Raf8 23. cxd6 cxd6 24. Rf1 Nh5 25. Nxh5 Qxh5 26. Rac1 Bh6 27. Qd2 Bxe3 28. Qxe3 Qh4 29. b3 e4 30. Rc4 exf3 31. Rxh4 fxg2+ 32.
Kxg2 Rxf1 33. Rh3 R1f7 34. Rg3 Kg7 35. Qe6 Rf6 36. Qe7+ R8f7 37. Qe8 Rf5 38. Re3 Rf2+ 39. Kg3 Kh6 40. Rc3 Kg5 41. Qe3+ R2f4 42. Rc4 h5 43. Rxf4 h4+ 44. Kf3 Kh5 45. Rxf7 g5 46. Rh7+ Kg6 47. Qe7 Kf5 48. Qe6# 1-0

[Event "*** SCC Grand Prix: Titled Tuesday Blitz"]
[Site "Chess.com"]
[Date "2020.07.21"]
[Round "1"]
[White "Slovak_fighter2000"]
[Black "FairChess_on_YouTube"]
[Result "0-1"]
[WhiteElo "2454"]
[BlackElo "2997"]
[TimeControl "180+1"]
[EndTime "10:08:08 PDT"]
[Termination "FairChess_on_YouTube won by resignation"]

1. d4 Nf6 2. Nf3 a6 3. c4 b5 4. e3 bxc4 5. Bxc4 e6 6. O-O Bb7 7. Nc3 Be7 8. a3 d5 9. Bd3 O-O 10. b4 a5 11. b5 Nbd7 12. Bd2 c5 13. bxc6 Bxc6 14. Nb5 Ne4 15. Qc2 Bxb5 16. Bxb5 Rc8 17. Qd3 Nxd2 18. Qxd2 Nf6 19. a4 Ne4 20. Qb2 Bb4 21.
Rac1 Nc3 22. Qb3 Nxb5 23. axb5 Qb6 24. Qa4 Rb8 25. Rc6 Qxb5 26. Qxb5 Rxb5 27. Ra6 Rbb8 28. Rc1 Ra8 29. Rcc6 a4 30. Rxa8 Rxa8 31. Rc2 a3 32. Ra2 Rc8 33. Kf1 f6 34. Ke2 Kf7 35. Kd1 g5 36. Ng1 e5 37. Ne2 Ke6 38. Ra1 g4 39.
Rb1 Bd6 40. Ra1 h5 41. Kd2 Bb4+ 42. Kd1 h4 43. g3 h3 44. Ra2 Kf5 45. Nc1 Ke4 46.
dxe5 fxe5 47. Ra1 d4 48. exd4 exd4 49. Ke2 Rc2+ 50. Kf1 Bc3 51. Rb1 Rb2 52. Ra1 Rxf2+ 53. Kxf2 Bxa1 54. Ke2 Bb2 55. Na2 d3+ 56. Kd2 Kd4 57.
Kd1 Ke3 58. Nb4 Bc3 59. Na2 Bd2 60. Nc3 Bxc3 0-1

[Event "*** SCC Grand Prix: Titled Tuesday Blitz"]
[Site "Chess.com"]
[Date "2020.07.21"]
[Round "1"]
[White "Denmark2015"]
[Black "petroniy_arbitr"]
[Result "1-0"]
[WhiteElo "2617"]
[BlackElo "2276"]
[TimeControl "180+1"]
[EndTime "10:08:08 PDT"]
[Termination "Denmark2015 won on time"]

1. d4 d5 2. c4 c6 3. cxd5 cxd5 4. Nc3 Nf6 5. Bf4 Nc6 6. e3 Bf5 7. Qb3 Na5 8. Qa4+ Bd7 9. Bb5 e6 10. Nf3 Nc6 11. Qd1 Be7 12. O-O O-O 13. Bd3 Rc8 14.
Ne5 a6 15. Rc1 b5 16. a3 Na5 17. Qe2 Nc4 18. Bg3 Be8 19. f4 g6 20. Bh4 Nd7 21.
Bxe7 Qxe7 22. g4 f6 23. Nf3 Bf7 24. g5 f5 25. h4 b4 26. axb4 Qxb4 27. Rf2 Rc7 28. Nd1 Rfc8 29. Ra1 a5 30. Qe1 Nd6 31. Rxa5 Qxe1+ 32. Nxe1 Rc1 33. Rd2 Nb6 34. Rc5 R8xc5 35. dxc5 Rxc5 36. Rc2 Rxc2 37. Nxc2 Kf8 38. Nd4 Ke7 39. Kf2 Ndc4 40. Ke2 Be8 41. b3 Na5 42.
Kd2 Nc6 43. Nf3 Kd6 44. Kc3 Bd7 45. Nb2 Na7 46. Nd4 Nc6 47. Nb5+ Ke7 48. Na4 Nxa4+ 49.
bxa4 Kd8 50. Be2 Kc8 51. h5 Kd8 52. hxg6 hxg6 53. Bd1 Be8 54. Nd4 Nxd4 55. Kxd4 Ke7 56.
Kc5 Kd7 57. Kb6 Kd6 58. a5 Bc6 59. Bb3 1-0

[Event "*** SCC Grand Prix: Titled Tuesday Blitz"]
[Site "Chess.com"]
[Date "2020.07.21"]
[Round "1"]
[White "ENajer77"]
[Black "Parkas"]
[Result "1-0"]
[WhiteElo "2688"]
[BlackElo "2343"]
[TimeControl "180+1"]
[EndTime "10:08:09 PDT"]
[Termination "ENajer77 won on time"]

1. d4 g6 2. e4 Bg7 3. Nc3 d6 4. Be3 a6 5. Nf3 b5 6. Bd3 Nd7 7. e5 Bb7 8. e6 fxe6 9. Ng5 Nf8 10. O-O Nf6 11. Qe2 Qd7 12. f3 h6 13. Nh3 g5 14.
Rae1 Rc8 15. Kh1 c5 16. dxc5 dxc5 17. Rd1 Qc7 18. Qf2 Nd5 19. Bd2 Nxc3 20. Bxc3 Bxc3 21. bxc3 Qe5 22. f4 Qf6 23. Qg3 g4 24. Qxg4 c4 25. Be2 Qf7 26. Bf3 Rg8 27. Qh4 Bxf3 28. Rxf3 Qf6 29. Qh5+ Qg6 30. Qxg6+ Nxg6 31. Re1 Kf7 32. g3 Rgd8 33. Re2 Rd6 34. Nf2 Rcd8 35. Ng4 Rd1+ 36. Kg2 R8d2 37. Rxd2 Rxd2+ 38. Rf2 Rd1 39. Nxh6+ Kg7 40.
Ng4 Ra1 41. h4 Rxa2 42. h5 Nf8 43. Ne5 Rb2 44. Nc6 Ra2 45. Nxe7 a5 46. f5 exf5 47. Nxf5+ Kh7 48. Nd6 Ne6 49. Nxb5 Rb2 50. Nd4 Nxd4 51. cxd4 a4 52. Kh3 a3 53. Rf6 1-0

[Event "*** SCC Grand Prix: Titled Tuesday Blitz"]
[Site "Chess.com"]
[Date "2020.07.21"]
[Round "1"]
[White "MF1966Idrisov"]
[Black "theblitzchamp"]
[Result "1-0"]
[WhiteElo "2349"]
[BlackElo "2657"]
[TimeControl "180+1"]
[EndTime "10:08:10 PDT"]
[Termination "MF1966Idrisov won by resignation"]

1. Nf3 d5 2. b3 Nf6 3. Bb2 c6 4. e3 Bf5 5. d4 e6 6. Bd3 Nbd7 7. Bxf5 exf5 8. O-O Bd6 9. c4 O-O 10. Nc3 dxc4 11. bxc4 Ne4 12. Qc2 Re8 13. Rad1 Qf6 14. Ne2 Qh6 15. Ng3 Bxg3 16. hxg3 Ndf6 17. d5 cxd5 18. Bxf6 Qxf6 19. cxd5 Rac8 20. Qb3 b6 21. Qa3 Rc7 22. Nd4 Nc3 23. Rd2 Nxd5 24. Nb5 Rd7 25. Rfd1 Red8 26. Nxa7 Qe6 27. Nb5 h6 28. Nd4 Qf6 29. Qb3 f4 30. exf4 Nxf4 31. gxf4 Rxd4 32. Rxd4 Rxd4 33. Rxd4 Qxd4 34. g3 h5 35. Kg2 g6 36. Qf3 Qc5 37. Qa8+ Kg7 38. a4 h4 39. gxh4 Qd4 40. Kg3 Qc3+ 41. Qf3 Qb4 42. Qc6 Qa3+ 43. Kg2 Qb4 44. Kg3 Qd4 45. Qb5 Qc3+ 46. Kg2 Qf6 47. Qe5 Qxe5 48. fxe5 Kf8 49. f4 Ke7 50. Kf3 Ke6 51.
Ke4 Ke7 52. f5 Kd7 53. fxg6 fxg6 54. Kf4 Ke7 55. Kg5 b5 56. axb5 Ke6 57. Kxg6 Kxe5 58. h5 Kd6 59. h6 Kc7 60. h7 Kb6 1-0

[Event "*** SCC Grand Prix: Titled Tuesday Blitz"]
[Site "Chess.com"]
[Date "2020.07.21"]
[Round "1"]
[White "Vuk2000"]
[Black "Snegokhod"]
[Result "1/2-1/2"]
[WhiteElo "2607"]
[BlackElo "2281"]
[TimeControl "180+1"]
[EndTime "10:08:10 PDT"]
[Termination "Game drawn - insufficient material"]

1. d4 Nf6 2. Bg5 e6 3. e4 Be7 4. e5 Ng8 5. Be3 d6 6. f4 dxe5 7. fxe5 Nc6 8. Nf3 g5 9. h3 Nh6 10. Bd3 Nf5 11. Qd2 Ng3 12. Rg1 Rg8 13. Bxh7 Rg7 14. Bd3 g4 15. hxg4 Rxg4 16. Nc3 Nb4 17. O-O-O a5 18. Kb1 b6 19. Bb5+ Bd7 20. Bxd7+ Qxd7 21.
Bf2 Ne4 22. Nxe4 Rxe4 23. c3 Nd5 24. Qd3 Rg4 25. g3 Qc6 26. Nd2 O-O-O 27. Qf3 Rdg8 28. c4 Nb4 29. Qxc6 Nxc6 30. Nf3 f6 31. exf6 Bxf6 32.
Rge1 Rd8 33. Rxe6 Bxd4 34. Be1 Kb7 35. Re2 Bc5 36. Rxd8 Nxd8 37. Ne5 Rg5 38. Nf3 Rg4 39.
b3 a4 40. Kc2 axb3+ 41. axb3 Nc6 42. Ne5 Nd4+ 43. Kd3 Rg5 44. Re4 Nxb3 45. Nf3 Rg8 46. Kc2 Rf8 47. Kxb3 Rxf3+ 48. Kc2 Bf2 49. Bxf2 Rxf2+ 50. Kd3 Rg2 51. g4 Kc6 52. Rd4 Rg3+ 53. Ke2 Kc5 54.
Re4 Rc3 55. Re7 c6 56. g5 Rxc4 57. Kf3 Rc1 58. g6 Rg1 59. Re6 b5 60. Kf4 b4 61.
Re5+ Kc4 62. Rg5 Rf1+ 63. Ke5 Rf8 64. g7 Rg8 65. Kd6 b3 66. Rg4+ Kc3 67. Rg3+ Kb4 68. Rg2 Ka3 69. Kc5 b2 70. Rg1 Rxg7 71. Rxg7 b1=Q 72. Ra7+ Kb2 73. Rb7+ Kc2 74. Rxb1 Kxb1 75.
Kxc6 1/2-1/2

[Event "*** SCC Grand Prix: Titled Tuesday Blitz"]
[Site "Chess.com"]
[Date "2020.07.21"]
[Round "1"]
[White "kingmonkey2006"]
[Black "ItsCheckM8Mate"]
[Result "1-0"]
[WhiteElo "2627"]
[BlackElo "2286"]
[TimeControl "180+1"]
[EndTime "10:08:11 PDT"]
[Termination "kingmonkey2006 won on time"]

1. e4 e5 2. Nf3 Nc6 3. Bb5 a6 4. Ba4 Nf6 5. O-O Nxe4 6. d4 b5 7. Bb3 d5 8. dxe5 Be6 9. c3 Bc5 10.
Nbd2 O-O 11. Bc2 Bf5 12. Nb3 Bg6 13. Nxc5 Nxc5 14. Be3 Ne6 15. Qd2 Bh5 16. Qd3 Bg6 17. Qe2 Be4 18. Bxe4 dxe4 19. Nd2 Nxe5 20. Nxe4 Qd3 21. Qxd3 Nxd3 22. b3 f5 23. Ng5 Nxg5 24. Bxg5 h6 25. Bd2 Rad8 26. f3 Rfe8 27. Rfd1 Nb2 28.
Re1 Nd3 29. Rxe8+ Rxe8 30. Kf1 Kf7 31. a4 Nc5 32. Ra3 bxa4 33. b4 Nb3 34. Be1 Nc1 35. Rxa4 Nd3 36. Bd2 Re6 37. Ra2 Kf6 38. c4 f4 39.
Bc3+ Kf5 40. Rd2 Ne5 41. c5 Nc4 42. Rd5+ Kg6 43. Rd7 Re3 44. Bxg7 Rb3 45. Rxc7 Rxb4 46. Bf8 Ne3+ 47. Ke2 Rb3 48. Rc6+ Kf5 49. Bxh6 Rc3 50. g4+ fxg3 51. Bxe3 g2 52. Bg1 Rc2+ 53. Kd1 Ra2 54. Ke1 1-0

[Event "*** SCC Grand Prix: Titled Tuesday Blitz"]
[Site "Chess.com"]
[Date "2020.07.21"]
[Round "1"]
[White "chito89"]
[Black "grunbergmihai"]
[Result "0-1"]
[WhiteElo "2774"]
[BlackElo "2414"]
[TimeControl "180+1"]
[EndTime "10:08:12 PDT"]
[Termination "grunbergmihai won by checkmate"]

1. e4 Nf6 2. d3 d5 3. Nd2 e5 4. Ngf3 Bc5 5. Be2 Nc6 6. O-O O-O 7. c3 a5 8. b3 Re8 9. a3 Bg4 10. Bb2 Ba7 11. b4 axb4 12. axb4 dxe4 13. dxe4 Nh5 14.
b5 Nb8 15. h3 Bxf3 16. Bxf3 Nf4 17. Nc4 Nd7 18. Bg4 Nf6 19. Qf3 h5 20. Bf5 g6 21. g3 gxf5 22. gxf4 fxe4 23. Qg3+ Kh7 24. Qh4 exf4 25. Rad1 Qe7 26. Rd5 Nxd5 27. Qxh5+ Kg8 28.
Qxd5 Qe6 29. Qh5 Qg6+ 30. Qxg6+ fxg6 31. Re1 Rad8 32. Bc1 g5 33. Kg2 Rd3 34. Na5 Rxc3 35. Nxb7 Rc2 36. Rf1 e3 37. Na5 exf2 38. Nc6 Re1 39.
Nxa7 Rxf1 40. Kxf1 Rxc1+ 41. Kxf2 Rc5 42. Kf3 Kf7 43.
Kg4 Kf6 44. Kf3 Kf5 45. Kg2 Ke4 46. Nc6 f3+ 47. Kg3 Rxb5 48. Nd8 Rb2 49. Ne6 Rg2# 0-1

[Event "*** SCC Grand Prix: Titled Tuesday Blitz"]
[Site "Chess.com"]
[Date "2020.07.21"]
[Round "1"]
[White "Alberquintin"]
[Black "Grischuk"]
[Result "1/2-1/2"]
[WhiteElo "2477"]
[BlackElo "3037"]
[TimeControl "180+1"]
[EndTime "10:08:13 PDT"]
[Termination "Game drawn - insufficient material"]

1. c4 g6 2. Nc3 Bg7 3. g3 Nf6 4. Bg2 O-O 5. Nf3 d6 6. O-O e5 7. d3 Nh5 8. Rb1 a5 9. a3 f5 10. Nd2 g5 11. e4 g4 12. exf5 Bxf5 13.
Bxb7 Ra7 14. Be4 Bc8 15. Nd5 c6 16. Ne3 Nf6 17. Bg2 d5 18. cxd5 cxd5 19. Nb3 Na6 20. Bd2 a4 21. Na5 Qd7 22. Rc1 Rc7 23. Rxc7 Nxc7 24. Qc2 Ba6 25. Rc1 Rc8 26. Qc6 d4 27. Qxd7 Nxd7 28. Nxg4 Bxd3 29. Bb7 Rf8 30. Rxc7 Bf5 31.
Nh6+ Bxh6 32. Bxh6 Rf6 33. Bd5+ Be6 34. Bxe6+ Rxe6 35. Rxd7 Rxh6 36. Nc6 Rxc6 37. Kg2 Rb6 38. Re7 Rb5 39. Kf3 Kf8 40. Ra7 Rxb2 41. Rxa4 Kf7 42. Ra6 h5 43. Ke4 Re2+ 44. Kf3 d3 45. Ra4 e4+ 46.
Kf4 Ke6 47. Rd4 Rxf2+ 48. Kxe4 Rxh2 49. Rxd3 h4 50. gxh4 Rxh4+ 51. Ke3 Ke5 52. Kd2 Rd4 53. Rxd4 Kxd4 54. Ke2 Kc4 55. a4 Kb4 56. a5 Kxa5 1/2-1/2

[Event "*** SCC Grand Prix: Titled Tuesday Blitz"]
[Site "Chess.com"]
[Date "2020.07.21"]
[Round "1"]
[White "Artyom_ChessMate"]
[Black "lider34"]
[Result "1-0"]
[WhiteElo "2571"]
[BlackElo "2213"]
[TimeControl "180+1"]
[EndTime "10:08:14 PDT"]
[Termination "Artyom_ChessMate won by checkmate"]

1. e4 c6 2. d4 d5 3. exd5 cxd5 4. Bd3 Nc6 5. c3 Nf6 6. Bf4 Bg4 7. Qb3 Qd7 8. Nd2 e6 9. Ngf3 Bxf3 10. Nxf3 Bd6 11. Bxd6 Qxd6 12. O-O O-O 13. Rae1 Rab8 14. Ne5 Qc7 15.
f4 Nd7 16. Re3 f6 17. Nxd7 Qxd7 18. Rfe1 Rfe8 19. Qc2 h6 20. Qe2 e5 21. fxe5 fxe5 22. dxe5 d4 23. e6 Qd6 24. Rf3 dxc3 25. bxc3 Qc5+ 26.
Kh1 Qd5 27. Bb1 Rf8 28. Ref1 Rxf3 29. Rxf3 Rd8 30. Rd3 Qg5 31. Rxd8+ Qxd8 32. h3 Qf6 33. Qe4 Kf8 34. Bd3 Ke7 35. Bc4 Qxc3 36. Bb3 Qc5 37.
Qf3 Qc1+ 38. Kh2 Ne5 39. Qxb7+ Kf6 40. Qe4 Qc7 41. Qf4+ Kg6 42. Qg3+ Kf6 43. Bd5 g5 44. a4 h5 45. h4 Ng4+ 46. Kh3 Qc1 47. hxg5+ Kxg5 48. Qh4+ Kh6 49. Qe7 Qh1+ 50. Kg3 Qh2+ 51. Kf3 Ne5+ 52. Ke4 Qg3 53. Qf6+ Ng6 54. e7 Qe1+ 55.
Kf5 Qxe7 56. Qxg6# 1-0

[Event "*** SCC Grand Prix: Titled Tuesday Blitz"]
[Site "Chess.com"]
[Date "2020.07.21"]
[Round "1"]
[White "chesstrainer2042"]
[Black "IMHansNiemann"]
[Result "1/2-1/2"]
[WhiteElo "2461"]
[BlackElo "2961"]
[TimeControl "180+1"]
[EndTime "10:08:15 PDT"]
[Termination "Game drawn by repetition"]

1. e4 g6 2. d4 Bg7 3. Nc3 c6 4.
Nf3 d5 5. h3 dxe4 6. Nxe4 Nf6 7.
Nxf6+ exf6 8. Bc4 O-O 9. O-O b5 10. Bb3 Nd7 11. c3 Nb6 12. Re1 Nd5 13. Bd2 Be6 14. Qc1 Re8 15. Bh6 Qd6 16. Bxg7 Kxg7 17. Qd2 Re7 18. Re4 f5 19. Re5 f6 20. Re2 Nf4 21.
Re3 Rae8 22. Rae1 g5 23. Nh2 h5 24. Nf1 Bd7 25. Rxe7+ Rxe7 26. Rxe7+ Qxe7 27. Ne3 Be6 28. Bc2 Qd7 29. a3 h4 30. Qd1 Nd5 31. Qf3 Ne7 32. g3 hxg3 33. fxg3 a5 34. h4 g4 35. Qf4 b4 36. h5 bxc3 37. h6+ Kh8 38. bxc3 Ng6 39. Qb8+ Kh7 40. Qb1 Ne7 41. Nxg4 Qd6 42. Kh2 Kg6 43.
Qc1 Ng8 44. Qe3 Bd7 45. c4 Qb8 46. d5 cxd5 47. cxd5 Qb2 48. Qf2 Qc3 49. h7 Kxh7 50. Bxf5+ Bxf5 51. Qxf5+ Kg7 52. Qd7+ Kg6 53. Qe8+ Kg7 54.
Qd7+ Kg6 55. Qe8+ Kg7 56. Qd7+ 1/2-1/2

[Event "*** SCC Grand Prix: Titled Tuesday Blitz"]
[Site "Chess.com"]
[Date "2020.07.21"]
[Round "1"]
[White "InitiatingASC"]
[Black "13MiRacLe"]
[Result "1-0"]
[WhiteElo "2351"]
[BlackElo "2659"]
[TimeControl "180+1"]
[EndTime "10:08:18 PDT"]
[Termination "InitiatingASC won by resignation"]

1. Nf3 Nf6 2. g3 g6 3. Bg2 Bg7 4. O-O O-O 5. c4 Nc6 6. d3 d5 7. Nbd2 e5 8. cxd5 Nxd5 9. Nc4 Be6 10. a3 a5 11. Qc2 h6 12. Ne3 Qd7 13. Nxd5 Bxd5 14.
Be3 Rfe8 15. Rac1 a4 16. Nd2 Bxg2 17. Kxg2 f5 18. f3 Kh7 19. Rfe1 Re7 20. Bf2 Nd4 21. Qc5 b6 22. Qc4 c5 23. e4 Rf8 24. Bxd4 exd4 25.
f4 fxe4 26. Rxe4 Rxe4 27. Nxe4 g5 28. fxg5 Qg4 29. Rf1 Rxf1 30. Kxf1 Qf3+ 31. Kg1 Qe3+ 32. Kg2 Qe2+ 33. Kg1 Qe3+ 34. Kg2 Qe2+ 35. Nf2 hxg5 36.
Qf7 Qe3 37. Qh5+ Kg8 38. Qg6 c4 39. Qxb6 cxd3 40. Qb8+ Kh7 41. Qb4 d2 42. Qxa4 Bf6 43. Qc2+ Kg7 44. Qc7+ Kg6 45. Qc2+ Kg7 46. Qc7+ Qe7 47.
Qxe7+ Bxe7 48. Kf3 d3 49. Ke3 Bc5+ 50. Kxd2 Bxf2 51. Kxd3 Bg1 52. h4 g4 53. Ke4 Kg6 54. Kf4 Bd4 55. b4 Kf6 56. Kxg4 Bb2 57. a4 Ke6 58. b5 Bd4 59. Kh5 Bb6 60. Kg6 Bc7 61. g4 1-0

[Event "*** SCC Grand Prix: Titled Tuesday Blitz"]
[Site "Chess.com"]
[Date "2020.07.21"]
[Round "1"]
[White "KuzubovYuriy"]
[Black "Chessmatus"]
[Result "1-0"]
[WhiteElo "2835"]
[BlackElo "2416"]
[TimeControl "180+1"]
[EndTime "10:08:20 PDT"]
[Termination "KuzubovYuriy won by resignation"]

1. d4 Nf6 2. Nf3 g6 3. Nbd2 d5 4. e3 Bg7 5. b4 O-O 6. c4 a5 7.
b5 c5 8. Bb2 Nbd7 9. Be2 Ne4 10.
cxd5 Nxd2 11. Qxd2 cxd4 12. Bxd4 Nf6 13. Bc4 Bg4 14.
Ne5 Rc8 15. f3 Bd7 16. Rc1 Ne8 17. a4 Nd6 18. Bd3 Bf5 19. e4 Rxc1+ 20. Qxc1 Bd7 21. O-O f5 22. Qb2 fxe4 23. fxe4 Rxf1+ 24. Kxf1 Qf8+ 25. Nf3 Bxd4 26. Qxd4 Bg4 27. Qe3 Nf7 28. Ke1 Bxf3 29.
gxf3 Ne5 30. Be2 Qc8 31. f4 Ng4 32. Bxg4 Qxg4 33. e5 Qg2 34. d6 Qh1+ 35. Kd2 exd6 36. exd6 Qd5+ 37. Qd3 Qa2+ 38. Ke3 Qe6+ 39. Kf2 Qd7 40.
Qd5+ Kg7 41. Qe5+ Kf7 42. Ke3 Qh3+ 43. Kd4 Qd7 44. Qd5+ Kf6 45. Qe5+ Kf7 46. h4 Qd8 47. h5 Qb6+ 48. Kc4 Qd8 49. hxg6+ hxg6 50. Kd5 Qd7 51. Kd4 Kf8 52. Kc5 Kf7 53. Kb6 Qd8+ 54. Ka7 b6 55. Qe7+ Qxe7+ 56. dxe7 Kxe7 57. Kxb6 1-0

[Event "*** SCC Grand Prix: Titled Tuesday Blitz"]
[Site "Chess.com"]
[Date "2020.07.21"]
[Round "1"]
[White "Reader777"]
[Black "ZverevLev"]
[Result "1-0"]
[WhiteElo "2644"]
[BlackElo "2314"]
[TimeControl "180+1"]
[EndTime "10:08:20 PDT"]
[Termination "Reader777 won on time"]

1. d4 Nf6 2. c4 e6 3. g3 d5 4. Bg2 dxc4 5. Nf3 Be7 6. O-O O-O 7.
Qc2 a6 8. a4 Nc6 9. Qxc4 Qd5 10.
Nbd2 Qxc4 11. Nxc4 Rb8 12. a5 b5 13. axb6 cxb6 14. Bf4 Rb7 15. Rfc1 b5 16. Nd6 Rb6 17. Nxc8 Rxc8 18. Ne5 Na7 19. Rxc8+ Nxc8 20. Rc1 Nd6 21.
Rc7 Bf8 22. Nc6 Nde8 23. Rc8 Rb7 24. Nb8 Ra7 25. Bc6 Re7 26. Nxa6 h6 27. Nc7 Nxc7 28. Bxc7 Nh7 29. Bd6 Ra7 30. Bxb5 Rb7 31. Bxf8 Nxf8 32. Rc5 Nd7 33. Bxd7 Rxd7 34. e3 Rb7 35. Rc2 Kf8 36. Kg2 Ke7 37. g4 Kd6 38. Kf3 Rb4 39. h4 g5 40. hxg5 hxg5 41. Ke4 Rb3 42. Rd2 Rb4 43. Kd3 Rb3+ 44. Kc4 Rb8 45. b4 Rc8+ 46. Kd3 Rb8 47. Rb2 Rb5 48. Kc4 Kc6 49.
Ra2 Rb6 50. Ra5 f6 51. Rc5+ Kd6 52. b5 Rb7 53. Rc6+ Kd7 54. Kc5 Rb8 55. b6 Ra8 56. Rc7+ Ke8 57. b7 Rb8 58. Rc8+ 1-0

[Event "*** SCC Grand Prix: Titled Tuesday Blitz"]
[Site "Chess.com"]
[Date "2020.07.21"]
[Round "1"]
[White "skiff134"]
[Black "Aronyak1"]
[Result "0-1"]
[WhiteElo "2348"]
[BlackElo "2787"]
[TimeControl "180+1"]
[EndTime "10:08:21 PDT"]
[Termination "Aronyak1 won by resignation"]

1. d4 d5 2. c4 e6 3. Nc3 c6 4. e4 dxe4 5. Nxe4 Bb4+ 6. Nc3 c5 7. a3 Bxc3+ 8. bxc3 Nf6 9. Nf3 O-O 10. Bd3 Nc6 11.
O-O b6 12. Bg5 h6 13. Bh4 Ba6 14. Ne5 Rc8 15. Qf3 Bb7 16. Bxf6 Qxf6 17. Qe4 Rfd8 18. Qh7+ Kf8 19. Nxc6 Bxc6 20. d5 exd5 21. Rae1 g6 22. Qxh6+ Qg7 23. Qh4 Qxc3 24. Re3 Qg7 25. Rfe1 d4 26.
Re7 Re8 27. Qg5 Rxe7 28. Qxe7+ Kg8 29. Qxa7 Re8 30. Rxe8+ Bxe8 31. Qb8 Kf8 32. Qd6+ Kg8 33. h3 Qh6 34. f4 Qh4 35. Kh2 Qf2 36. f5 g5 37. Qg3 Qxg3+ 38. Kxg3 Kg7 39. Kf3 Bc6+ 40. Kf2 Kf6 41. g3 Ke5 42. h4 gxh4 43. gxh4 Kf4 44. h5 Kg5 45. Kg3 f6 46. h6 Kxh6 47.
Kh4 Kg7 48. Kg4 Kf8 49. Kg3 Ke7 50. Kf4 Kd6 51. Bc2 b5 52. cxb5 Bxb5 53. Ke4 Bc6+ 54. Kd3 Bd5 55. a4 Ke5 56. a5 Be4+ 57. Kd2 Bxc2 58.
Kxc2 Kd5 59. Kb3 c4+ 60. Kb4 c3 61. a6 Kc6 0-1

[Event "*** SCC Grand Prix: Titled Tuesday Blitz"]
[Site "Chess.com"]
[Date "2020.07.21"]
[Round "1"]
[White "TigrVShlyape"]
[Black "dopolian"]
[Result "1-0"]
[WhiteElo "2856"]
[BlackElo "2427"]
[TimeControl "180+1"]
[EndTime "10:08:22 PDT"]
[Termination "TigrVShlyape won by resignation"]

1. d4 Nf6 2. Nf3 e6 3. Bf4 d5 4.
e3 Be7 5. Nbd2 O-O 6. Ne5 c5 7. c3 Qb6 8. Rb1 Nc6 9. Bd3 Nxe5 10. dxe5 Nd7 11. Qh5 f5 12. Nf3 c4 13. Bc2 Nc5 14.
Bg5 Qd8 15. Bxe7 Qxe7 16. Nd4 Bd7 17. h4 a5 18. Qg5 Qxg5 19. hxg5 b5 20. f3 b4 21. Kd2 Rab8 22. b3 bxc3+ 23. Kxc3 cxb3 24. axb3 Rfc8 25. Kd2 a4 26. bxa4 Bxa4 27. Bxa4 Nxa4 28. Nxe6 Rxb1 29. Rxb1 Re8 30. Nd4 Rxe5 31. f4 Re7 32.
Nxf5 Rd7 33. Rb5 Kf7 34. g4 g6 35. Nd4 Ke7 36. f5 Kf7 37. Nc6 Rc7 38. Ne5+ Kf8 39. Rxd5 Nc3 40. Rd4 Nb5 41. Rd8+ Ke7 42. Rh8 Kd6 43. Nf3 Rf7 44. e4 Kc5 45. Ke3 Nd6 46.
f6 Nc4+ 47. Kf4 Kd6 48. e5+ Ke6 49. Re8+ Kd7 50. Ra8 Kc6 51. e6 Rb7 52. e7 Nd6 53. e8=Q+ Nxe8 54. Rxe8 Kd6 55. Re4 Rf7 56. Ne5 Rf8 57.
f7 Ke6 58. Ra4 Rc8 59. Ra6+ Ke7 60. Ra7+ Ke6 61. Ke4 Rb8 62. Nc6 Rc8 63. Nd4+ Kd6 64. Rb7 Ra8 65. Nb5+ Ke6 66. Nc7+ 1-0

[Event "*** SCC Grand Prix: Titled Tuesday Blitz"]
[Site "Chess.com"]
[Date "2020.07.21"]
[Round "1"]
[White "Andrei_Belozerov"]
[Black "lelya96"]
[Result "1-0"]
[WhiteElo "2555"]
[BlackElo "2166"]
[TimeControl "180+1"]
[EndTime "10:08:22 PDT"]
[Termination "Andrei_Belozerov won on time"]

1. e4 e5 2. Nf3 Nc6 3. Bb5 a6 4. Ba4 Nf6 5. O-O b5 6. Bb3 Bc5 7. d3 d6 8. Be3 Bb6 9. Bxb6 cxb6 10. c3 O-O 11. Nbd2 Ne7 12. Re1 Ng6 13. Nf1 Nf4 14.
Ng3 Bg4 15. h3 Bxh3 16. gxh3 Nxh3+ 17. Kf1 Ng4 18. Ke2 Nf4+ 19. Kd2 Nxf2 20. Qc2 N4xd3 21. Rg1 Qf6 22. Nf5 Nxe4+ 23. Kxd3 Qxf5 24. Ke3 Qf4+ 25.
Ke2 Ng3+ 26. Rxg3 Qxg3 27. Rg1 Qf4 28. Bd5 e4 29. Nd4 Rae8 30. Ke1 e3 31. Qg2 Qf2+ 32.
Qxf2 exf2+ 33. Kxf2 Re5 34. Bb3 g6 35. Nf3 Rf5 36. Rd1 Rd8 37. Rd4 a5 38. Kg3 a4 39.
Bc2 Rc5 40. Bd3 Kg7 41. Nd2 Re8 42. Ne4 Rce5 43. Nxd6 Re3+ 44. Kf2 R8e6 45. Nxb5 R3e5 46. Nd6 Rf6+ 47. Kg2 Rg5+ 48. Kh3 Rf3+ 49. Kh2 Rf2+ 50. Kh3 h5 51. Ne4 Rf3+ 52. Kh2 Rg4 53. Rd7 1-0

[Event "*** SCC Grand Prix: Titled Tuesday Blitz"]
[Site "Chess.com"]
[Date "2020.07.21"]
[Round "1"]
[White "Shuvalov"]
[Black "tylityli"]
[Result "1-0"]
[WhiteElo "2532"]
[BlackElo "2133"]
[TimeControl "180+1"]
[EndTime "10:08:23 PDT"]
[Termination "Shuvalov won on time"]

1. Nf3 Nc6 2. d4 d5 3. c4 Bg4 4. Nc3 Nf6 5. cxd5 Nxd5 6. e4 Nxc3 7. bxc3 e5 8. Bb5 exd4 9. cxd4 Bb4+ 10. Kf1 O-O 11. Bb2 a6 12. Be2 Ne7 13. h3 Bh5 14.
a3 Ba5 15. Ne5 Bxe2+ 16. Qxe2 Bb6 17. Rd1 Ng6 18. Nxg6 hxg6 19. g3 Re8 20. Kg2 Qd7 21. Rhe1 Qb5 22. Qc2 Rad8 23. d5 Qc5 24. Qxc5 Bxc5 25.
Rc1 Bb6 26. f3 f6 27. Red1 Kf7 28. Bd4 Rc8 29. d6 Bxd4 30. d7 Be5 31. dxe8=Q+ Rxe8 32. Rd7+ Re7 33. Rxe7+ Kxe7 34. a4 Kd6 35. f4 Bd4 36. Kf3 c5 37. Rb1 Kc6 38. a5 Bc3 39. Rb6+ Kc7 40. Re6 Kd7 41. Rb6 Kc7 42. Re6 Kd7 43.
f5 Bxa5 44. Ke2 Bc3 45. Kd3 Be5 46. g4 Bd4 47. Kc4 b5+ 48. Kd5 a5 49. Rb6 b4 50.
Rb7+ Kc8 51. Kc6 a4 52. Ra7 Kd8 53. Rxa4 b3 54. Ra8+ Ke7 55. Rb8 b2 56. Kd5 gxf5 57. exf5 Kf7 58. Rb7+ Kf8 59. h4 Kg8 60. g5 fxg5 61.
hxg5 1-0